Croesus, chaotic male elven Ranger ----------- |.........| #-.........| #----------- # # # # ------------ -------------# |.B$aa$$fa:+ ............|# | |.r$$$:du$.| |............# +.... .S:f%%%$$.%+######...)........| | |.:d::$$d%.| |...........| |.::aa$$f@:| |.<.........| ----------+- |......(....| ------------- Croesus the Trailblazer Experience level: 6 Strength: 11 Dexterity: 11 Constitution: 16 Intelligence: 13 Wisdom: 14 Charisma: 8 Health: 0(65) Energy: 67(67) Def: 4 Gold: 1106 Moves: 4141 Dungeon seed: MA4aEABdE9wWTmFB Game ID: Croesus_1561327221 Your Inventory: Weapons c - 45 uncursed +2 elven arrows (in quiver) d - an uncursed +1 elven dagger (weapon in hand) e - an uncursed +1 elven bow (alternate weapon; not wielded) k - a cursed -2 elven dagger v - a blessed +0 sling C - 14 uncursed +0 darts J - a cursed -4 arrow K - 2 uncursed +0 arrows Q - 11 blessed +3 arrows R - an uncursed +0 bow of fire T - 5 uncursed +0 daggers X - 3 uncursed +0 elven arrows Armor b - an uncursed +2 elven cloak (being worn) n - an uncursed +0 helmet (being worn) q - an uncursed +0 orcish helm y - an uncursed +1 dwarvish cloak z - an uncursed +0 dwarvish cloak L - a blessed +0 pair of iron shoes N - an uncursed +0 pair of iron shoes Y - an uncursed +0 orcish helm Comestibles f - 5 uncursed lembas wafers m - an uncursed apple w - an uncursed female soldier ant corpse Scrolls j - a cursed scroll of identify l - an uncursed scroll of identify p - an uncursed scroll of fire s - a blessed scroll of summoning D - a cursed scroll of light F - an uncursed scroll of punishment P - an uncursed scroll of light Potions g - a cursed potion of healing A - an uncursed potion of sleeping B - an uncursed potion of restore ability E - an uncursed potion of oil M - 2 uncursed potions of booze Rings i - a blessed +2 ring of increase accuracy O - an uncursed -1 ring of searching Wands t - an uncursed wand of fire (0:0) Z - an uncursed wand of polymorph (0:4) Tools a - an uncursed +0 grappling hook u - an uncursed +0 unicorn horn x - an uncursed +0 pick-axe S - an uncursed wax candle (0:400) V - 6 uncursed tallow candles (0:200) Gems o - 2 uncursed worthless pieces of orange glass r - an uncursed worthless piece of black glass U - an uncursed worthless piece of red glass Coins $ - 1106 gold pieces Spells and supernatural/magical abilities: Name Level Category Cost Memory o - cone of cold 4 attack 4000pw 98% w - wizard lock 2 matter 2000pw 97% I - identify 2 divination 2000pw 98% W - pray for help -- divine ? -- Your skills at the end: Fighting Skills wands [Basic] Weapon Skills dagger [Skilled] bow [Skilled] Spellcasting Skills Final Attributes: You were piously aligned. You were fire resistant. You were immune to sleep. You saw invisible. You had automatic searching. You had infravision. You were stealthy. Mars was noncommittal. You are dead. Vanquished creatures: 2 small mimics a giant spider 2 dogs a white unicorn an ape a soldier ant 3 Uruk-hai an orc shaman 2 rock piercers 3 ponies a yellow light a shrieker a gnome lord a kobold mummy a red naga hatchling 7 giant ants a little dog a floating eye a kitten a dwarf a kobold lord 2 rothes 2 centipedes 2 giant bats a monkey a werejackal an iguana a killer bee an acid blob 2 coyotes 3 gas spores 2 hobbits a hobgoblin 5 giant rats 3 cave spiders 9 gnomes 2 gnome zombies 2 geckos 18 jackals 2 foxes a kobold a goblin 2 sewer rats 10 grid bugs 2 bats 3 lichens a kobold zombie 6 newts 120 creatures vanquished. Voluntary challenges: You were an atheist. You used a wielded weapon 94 times, starting on turn 30. You read items or engraved 30 times, starting on turn 1946. You never genocided any monsters. You never polymorphed an object. You never changed form. You used no wishes. You never split a pudding. You never wrote Elbereth's name. You never violated your personal moral code. Dungeon overview: The Dungeons of Doom: levels 1 to 8 Level 1 some fountains, a sink a long staircase Level 2 a bookstore, a fountain, a vault stairs to The Gnomish Mines Level 3 a general store, a fountain, a vault Level 4 a sink, a vault Level 5 a sink, a vault Level 6 a general store, a fountain, a sink Level 7 many fountains Level 8 <- You were here a vault The Gnomish Mines: Level 3 stairs to The Dungeons of Doom History has recorded: On T:1 you entered the Dungeons of Doom to retrieve the Amulet of Yendor! On T:139 you reached level 2 of The Dungeons of Doom. On T:474 you reached level 1 of The Gnomish Mines. On T:563 you reached level 3 of The Dungeons of Doom. On T:1091 you advanced to experience level 2. On T:1139 you reached level 4 of The Dungeons of Doom. On T:1314 you advanced to experience level 3. On T:1816 you reached level 5 of The Dungeons of Doom. On T:1987 you advanced to experience level 4. On T:2313 you reached level 6 of The Dungeons of Doom. On T:2407 you reached level 7 of The Dungeons of Doom. On T:2534 you advanced to experience level 5. On T:3320 you advanced to experience level 6. On T:3942 you reached level 8 of The Dungeons of Doom. Score breakdown: Gold: 1106 (10355 points) Experience: 6 levels (12456 points) Exploration: 8 levels ( 17.02%) (11702 points) Discoveries: 6 items ( 2.03%) ( 4278 points) Valuables value: (no points given unless you survive) Artifact value: 0 ( 0 points) Variety of kills: 48 monsters ( 12.63%) (10662 points) Turncount: 4141 turns (-1076 points) Survival: died (score multiplied by 80%) Total score: 38701 Latest messages: Sirius displaces the housecat. You have a little trouble lifting $ - 33 gold pieces. You hit the lizard! Sirius picks up a female little dog corpse. The lizard bites! [2 turns] You hit the lizard. You hear someone counting money. You hit the lizard. The lizard bites! You hit the lizard! Sirius bites the giant rat. The giant rat is killed! The lizard bites! [2 turns] You hit the lizard! Sirius bites the jaguar. The jaguar misses Sirius. The jaguar hits Sirius. The jaguar misses Sirius. The jaguar hits! The jaguar just misses! The jaguar bites! You miss the lizard. The lizard bites! You die... Final status: Goodbye Croesus the Ranger, killed by a lizard... You died in The Dungeons of Doom on dungeon level 8 with 38701 points, and 1106 pieces of gold, after 4141 moves. You were level 6 with a maximum of 65 hit points when you died.